 BcadrenCrawl: Boulder Brew version 0.06-688-g08e91b2d95 (webtiles) character file.

Game seed: 14217259503674496861

124 Leeroy the Skirmisher (level 4, 0/54 HPs) Immature Draconian Merfolk. Began on Jan 31, 2023. Slain by an ooze (1 damage) ... on level 1 of the Dungeon. The game lasted 00:02:55 (991 turns).

Leeroy the Skirmisher (Immature Draconian Merfolk)   Turns: 991, Time: 00:02:56

Health: 0/54       AC:  6    Str: 16    XL:     4 ^: 18
Magic:  4/4        EV: 13    Int: 18    God:
Gold:   82         SH:  0    Dex: 14    Spells: 3/3 levels left

rFire    . . .     Slash    +   a - +0 long sword
rCold    + . .     Pierce   x   (no weapon)
rNeg     . . .     Bludgeon .   (armour unavailable)
rCorr    . . .     Vision   .   b - +0 hat
rPois    .         Gourm    .   (no cloak)
rElec    .         Faith    .   (no gloves)
MR       .....     Spirit   .   (no boots)
HPRegen  0.28/turn Reflect  .   (no amulet)
MPRegen  0.14/turn Harm     .   n - ring of intelligence
Stlth    +.........             p - ring of intelligence

@: no status effects
A: cold resistance 1, deformed body 2, cold-blooded, merfolk tail, draconic
flesh, AC +6
a: Breathe Dart


You were on level 1 of the Dungeon.
You were not hungry.

You visited 1 branch of the dungeon, and saw 2 of its levels.

You collected 82 gold pieces.

Inventory:

Weapons
 a - a +0 long sword (weapon)
 k - a +0 hunting sling Shields
 m - a +0 heater shield
Armour
 b - a +0 hat (worn)
Jewellery
 g - a cursed amulet of the acrobat {(Curse: MR-)}
 n - a ring of intelligence (left hand)
 p - a ring of intelligence (right hand)
 q - an uncursed ring of resist corrosion
 s - an uncursed ring of ice
Wands
 c - a wand of ensnaring (9)
Scrolls
 e - a scroll of fog
 j - a scroll of silence
 l - a scroll of enchantment
 o - a scroll of bless item
 r - a scroll of magic mapping
Potions
 h - 2 potions of curing
 i - a potion of magic
Comestibles
 d - 3 rations
 f - 2 chunks of flesh


   Skills:
 + Level 6.6 Fighting
 - Level 2.4 Long Blades
 - Level 2.4 Dodging
 - Level 2.0 Evocations


You had 3 spell levels left.
You didn't know any spells.
Your spell library was empty.

Dungeon Overview and Level Annotations

Branches:
Dungeon (2/8)

Altars:


Innate Abilities, Weirdness & Mutations

Your plain brown scales are resilient. (AC +6)
You can breathe rudimentary magical darts.
You are cold resistant. (rC+)
You cannot wear any armour on your peculiar form.
You are cold-blooded and are slowed more easily by cold attacks.
On contact with water, your feet merge into a fishtail, which allows you to swim quickly, evasively and stealthily.
Your scales resist being cut, but it's oddly easy to stick a small blade between them. (rSlashing+, rPiercing-)


Message History

You hit the ooze (1).
It resists.
You hit the ooze (2).
It is struck brutally!
The ooze is heavily wounded. (10/20) HP The sewer rat bites you (5).
You are perforated ruthlessly!
* * * LOW HITPOINT WARNING * * *
The ooze hits you (3).
* * * LOW HITPOINT WARNING * * *
The ooze hits you (4).
* * * LOW HITPOINT WARNING * * *
The sewer rat bites you (1).
You are perforated ruthlessly!
* * * LOW HITPOINT WARNING * * *
The ooze hits you (1).
* * * LOW HITPOINT WARNING * * *
The sewer rat bites you (5).
You are perforated ruthlessly!
* * * LOW HITPOINT WARNING * * *
Some of the chunks of flesh in your inventory have rotted away.
Unknown command.
You hear a slurping noise.
The ooze hits you (1).
You die...

......#...#.÷.#............#
#...≈......#.##..###########
.##.≈≈.≈.....##..#
#.#..≈≈≈≈...###..#
.....≈≈≈≈..#.##..#
#..≈≈≈≈≈≈≈.####..#
#.≈≈≈≈.≈≈≈..# #..#
#.≈≈≈...≈.≈.###..#
).≈≈..<..≈≈.#...@##
#?..≈...≈≈≈.##..JJ#
#..≈≈≈.≈≈≈..#...r.#
#...≈≈≈≈≈≈..###..>#
....≈≈≈≈≈...###.###
.....≈≈≈≈....##.#
.≈≈....≈.....##.#
..≈≈.....#...##.#
#.≈≈...#.##.#.#.#


You could see 2 oozes and a submerged sewer rat.

Vanquished Creatures
  3 giant cockroaches
  A sewer rat (D:1)
  3 cinder newts (D:1)
  An ooze (D:1)
  A dart slug (D:1)
  A leopard gecko (D:1)
  A ball python (D:1)
  9 bats (D:1)
  7 hobgoblins (D:1)
  4 kobolds (D:1)
  8 goblins (D:1)
  7 rats (D:1)
46 creatures vanquished.

Notes
Turn   | Place    | Note
-------+----------+-------------------------------------------
     0 | D:1      | Leeroy the Immature Draconian Merfolk began the quest for
                  | the Orb.
     0 | D:1      | Reached XP level 1. HP: 27/27 MP: 1/1
   100 | D:1      | Reached skill level 3 in Fighting
   107 | D:1      | Reached XP level 2. HP: 31/36 MP: 2/2
   145 | D:1      | Reached skill level 4 in Fighting
   191 | D:1      | Reached XP level 3. HP: 45/45 MP: 3/3
   348 | D:1      | Reached skill level 5 in Fighting
   494 | D:1      | Reached XP level 4. HP: 54/54 MP: 4/4
   623 | D:1      | Reached skill level 6 in Fighting
   990 | D:1      | HP: 1/54 [sewer rat (5)]
   991 | D:1      | Slain by an ooze

Illustrated notes

Levels and vault maps discovered:
D:1:      dpeg_arrival_subterranean_lakeside_camping, layout_basic
D:2:      layout_sewer, sewer_frog_spiral, chequers_ecumenical_altar_simple,
          first_ration, uniq_jessica, uniq_blork_the_orc

Skill      XL: |  1  2  3  4 |
---------------+-------------+-----
Fighting       | 3 4 5 6 |  6.6
Long Blades    | |  2.4
Dodging        | |  2.4
Evocations     | |  2.0

Action                   |  1- 3 |  4- 6 || total
-------------------------+-------+-------++-------
Melee: Long sword        |    44 |    34 ||    78
       Unarmed           |    25 |    18 ||    43
       Peck              |     3 |     4 ||     7
 Stab: Sleeping          |     1 |     3 ||     4
Armor: Skin              |    18 |    16 ||    34
Dodge: Dodged            |    17 |    11 ||    28
       Rpst.: Long sword |     4 |     1 ||     5
